 Dungeon Crawl Stone Soup version 0.17.1-3-g152610e (webtiles) character file.

71 Gargoyl the Skirmisher (level 4, -6/37 HPs)
             Began as a Demonspawn Abyssal Knight on Mar 8, 2016.
             Was a Believer of Lugonu.
             Mangled by Grinder (8 damage)
             ... while paralysed by Grinder
             ... on level 3 of the Dungeon.
             The game lasted 00:03:25 (2046 turns).

Gargoyl the Skirmisher (Demonspawn Abyssal Knight)  Turns: 2046, Time: 00:03:25

Health: -6/37      AC:  6    Str: 13    XL:     4   Next: 5%
Magic:  0/6        EV:  2    Int: 13    God:    Lugonu [**....]
Gold:   81         SH:  0    Dex: 13    Spells: 0 memorised, 3 levels left

rFire  . . .     SeeInvis .     a - +1 hand axe
rCold  . . .     Clarity  .     n - +0 ring mail
rNeg   + . .     SustAt   .     (no shield)
rPois  .         Gourm    .     k - +0 helmet
rElec  .         Spirit   +     (no cloak)
rCorr  +         Warding  .     (no gloves)
rMut   .         Stasis   .     (no boots)
MR     .....                    f - amulet of resist corrosion
Stlth  +.........               (no ring)
                                m - ring of positive energy

@: paralysed, not resistant to hostile enchantments, very unstealthy
A: demonic guardian 1, magic shield
a: Depart the Abyss, Bend Space, Renounce Religion


You were on level 3 of the Dungeon.
You worshipped Lugonu.
Lugonu was pleased with you.
You were not hungry.

You visited 1 branch of the dungeon, and saw 3 of its levels.
You visited the Abyss 1 time.

You collected 81 gold pieces.

Inventory:

Hand Weapons
 a - a +1 hand axe (weapon)
Armour
 k - a +0 helmet (worn)
 n - a +0 ring mail (worn)
Jewellery
 f - an amulet of resist corrosion (around neck)
 m - a ring of positive energy (left hand)
Scrolls
 b - a scroll of enchant weapon {unknown}
 d - 2 scrolls of immolation {unknown}
 e - a scroll of blinking {unknown}
 i - 2 scrolls of identify {unknown}
 r - a scroll of remove curse {unknown}
Potions
 g - a potion of heal wounds {unknown}
 h - 2 potions of curing {unknown}
 j - 2 potions of might {unknown}
 l - a potion of poison {unknown}
 o - a potion of ambrosia {unknown}
Books
 s - a book of Transfigurations

   Spells                             Type                      Level
   a - Stoneskin                      Transmutation/Earth          2
   b - Irradiate                      Conjuration/Transmutation    5
   c - Statue Form                    Transmutation/Earth          6
   d - Hydra Form                     Transmutation                6
   e - Dragon Form                    Transmutation                7
Comestibles
 c - a bread ration
 p - 3 fruits
 q - a beef jerky
 t - 2 chunks of flesh


   Skills:
 + Level 3.8 Fighting
 + Level 2.1 Axes
 + Level 2.0 Armour
 + Level 1.7 Dodging
 + Level 0.4 Stealth
 + Level 3.0 Invocations


You had 3 spell levels left.
You didn't know any spells.

Dungeon Overview and Level Annotations

Branches:
Dungeon (3/15)

Altars:

Annotations:
D:3 Grinder


Innate Abilities, Weirdness & Mutations

A weak demonic guardian rushes to your aid.
When hurt, damage is shared between your health and your magic reserves.


Message History

Your iron imp hits Grinder!
Grinder hits your iron imp!
Your iron imp hits Grinder.
Grinder hits your iron imp. Grinder hits your iron imp.
Your iron imp dies!
Grinder gestures.
Grinder blinks!
Grinder hits you.
* * * LOW HITPOINT WARNING * * *
Grinder gestures.
Grinder blinks!
Grinder gestures at you.
You suddenly lose the ability to move!
Grinder hits you.
* * * LOW HITPOINT WARNING * * *
Grinder gestures at you. Pain shoots through your body!
* * * LOW HITPOINT WARNING * * *
Your white imp closely misses Grinder.
Grinder hits you but does no damage.
Your white imp barely misses Grinder.
Grinder hits you!
You die...

#.# #.# #.#
#.##### #.(##.#
##.##.# #.##.#
##).#.#####
#.†.@5....#
........5.....#
#####.#.......#
#.#..........
#.#.[.....#.#
#.#.......# #
#(......###
###...##


You could see Grinder and a friendly white imp.

Vanquished Creatures
  An adder (D:2)
  3 worms
  A giant gecko (D:1)
  3 bats
  A giant cockroach (D:2)
  6 hobgoblins
  10 jackals (D:2)
  7 kobolds
  4 giant newts
  5 goblins
  A quokka (D:2)
  4 rats
46 creatures vanquished.

Vanquished Creatures (collateral kills)
  A hobgoblin (D:3)
  A kobold (D:3)
2 creatures vanquished.

Grand Total: 48 creatures vanquished

Notes
Turn   | Place    | Note
--------------------------------------------------------------
     0 | Abyss:1  | Gargoyl the Demonspawn Abyssal Knight began the quest for the Orb.
     0 | Abyss:1  | Reached XP level 1. HP: 18/18 MP: 2/2
     0 | Abyss:1  | Found a corrupted altar of Lugonu.
    94 | Abyss:1  | Noticed a chaos spawn
    95 | Abyss:1  | Noticed a worldbinder
    95 | D:1      | Escaped the Abyss
   117 | D:1      | Reached skill level 1 in Dodging
   139 | D:1      | Reached * piety under Lugonu
   213 | D:1      | Gained mutation: A weak demonic guardian rushes to your aid. [demonic ancestry]
   213 | D:1      | Reached XP level 2. HP: 22/24 MP: 4/4
   806 | D:2      | Reached XP level 3. HP: 7/29 MP: 5/5
  1653 | D:2      | Reached ** piety under Lugonu
  2001 | D:3      | Noticed Grinder
  2010 | D:3      | Gained mutation: When hurt, damage is shared between your health and your magic reserves. [demonic ancestry]
  2010 | D:3      | Reached XP level 4. HP: 37/37 MP: 6/6
  2042 | D:3      | Paralysed by Grinder for 5 turns
  2046 | D:3      | Mangled by Grinder

Action                   |  1- 3 |  4- 6 || total
-------------------------+-------+-------++-------
Melee: Hand axe          |   133 |     5 ||   138
Invok: Depart the Abyss  |     1 |       ||     1
 Stab: Sleeping          |     1 |       ||     1
  Eat: Chunk             |     4 |       ||     4
